 Dungeon Crawl Stone Soup version 0.29.1-1-gd02db6906a (webtiles) character file.

Game seed: 108239799668112463

154 LabCoat the Chopper (level 5, -3/47 HPs)
             Began as a Hill Orc Fighter on Sept 16, 2022.
             Splashed by a jelly's acid (5 damage)
             ... on level 4 of the Dungeon.
             The game lasted 00:05:49 (1786 turns).

LabCoat the Chopper (Hill Orc Fighter)              Turns: 1786, Time: 00:05:50

Health: -3/47      AC: -6    Str: 27    XL:     5   Next: 35%
Magic:  5/5        EV:  9    Int:  8    God:
Gold:   241        SH:  4    Dex: 10    Spells: 4/4 levels left

rFire   . . .      SeeInvis .   a - +0 war axe
rCold   . . .      Faith    .   c - +0 buckler
rNeg    . . .      Spirit   .   b - +0 scale mail
rPois   .          Reflect  .   d - +1 helmet of Virtue {Regen+}
rElec   .          Harm     .   (no cloak)
rCorr   .          Rampage  .   (no gloves)
Will    .....                   (no boots)
Stlth   ..........              j - amulet of regeneration
HPRegen 1.75/turn               k - +6 ring of strength
MPRegen 0.09/turn               (no ring)

@: corroded, hasted, very quick
A: no striking features
a: no special abilities


You were on level 4 of the Dungeon.
You visited 1 branch of the dungeon, and saw 6 of its levels.

You collected 241 gold pieces.

Inventory:

Hand Weapons
 a - a +0 war axe (weapon)
Armour
 b - a +0 scale mail (worn)
 c - a +0 buckler (worn)
 d - the +1 helmet of Virtue (worn) {Regen+}
   (You took it off Robin on level 2 of the Dungeon)

   Regen:     It increases your rate of health regeneration.
Jewellery
 j - an amulet of regeneration (around neck)
 k - a +6 ring of strength (left hand)
Scrolls
 e - a scroll of magic mapping
 f - a scroll of poison
 i - a scroll of identify
Potions
 h - 4 potions of curing


   Skills:
 + Level 4.4 Fighting
 * Level 4.9 Axes
 + Level 4.1 Armour
 + Level 4.1 Shields


You had 4 spell levels left.
You didn't know any spells.
Your spell library contained the following spells:

 Spells                   Type           Power      Damage    Failure   Level
 Sandblast                Erth           0%         2d4       77%         1
 Passwall                 Tmut/Erth      0%         N/A       88%         2
 Stone Arrow              Conj/Erth      0%         3d7       98%         3


Dungeon Overview and Level Annotations

Branches:
Dungeon (6/15)
 Temple: D:4-7

Altars:

Shops:
D:2 *

Annotations:
D:3 2 transporters


Message History

You closely miss the orc warrior. You barely miss the jelly.
A jackal comes into view.
The orc warrior misses you. The jelly hits you. The acid corrodes you!
You are splashed with acid.
You hit the orc warrior but do no damage.
You hit the jackal. You slash the orc!
You kill the orc!
You hit the jelly. The acid corrodes you!
Your hands burn!
The jackal closely misses you.
A jackal comes into view.
The orc warrior hits you with a +0 flail!
You block the jelly's attack. The jackal bites you.
* * * LOW HITPOINT WARNING * * *
You barely miss the jelly.
The jelly is severely wounded.
You closely miss the orc warrior. You hit the jackal. You hit the orc.
The jackal bites you. You block the orc's attack. The jelly barely misses you.
The orc warrior barely misses you.
You hit the orc warrior.
The orc warrior is lightly wounded.
You hit the jackal.
You kill the jackal!
You hit the orc but do no damage. You hit the jelly but do no damage.
Your hands burn!
* * * LOW HITPOINT WARNING * * *
You hit the jelly.
Your hands burn!
* * * LOW HITPOINT WARNING * * *
The jelly is severely wounded.
You closely miss the jackal. You closely miss the orc.
You hit the orc warrior but do no damage.
The orc warrior barely misses you. The orc closely misses you.
The jelly hits you.
* * * LOW HITPOINT WARNING * * *
The acid corrodes you!
You are splashed with acid.
* * * LOW HITPOINT WARNING * * *
You block the jackal's attack.
Okay, then.
Okay, then.
You hit the jelly but do no damage.
Your hands burn!
You die...

8...###...8
......... ...>...
..... ##.8h##
###.....###
###..oh>....##
#.#...ooh.......#
#...8.J@###...8..
#.#...### ##...#
##+ .## .# #


You could see an orc warrior, a jelly, an orc wizard, an orc and 3 jackals.

Vanquished Creatures
  A hound (D:6)
  Robin (D:2)
  5 adders
  A worm (D:2)
  2 dart slugs
  An orc (D:4)
  3 ball pythons
  4 bats
  5 endoplasms
  A giant cockroach (D:2)
  7 hobgoblins
  2 jackals
  2 kobolds (D:2)
  A quokka (D:1)
  3 frilled lizards
  14 goblins
  3 rats
56 creatures vanquished.

Notes
Turn   | Place    | Note
-------+----------+-------------------------------------------
     0 | D:1      | LabCoat the Hill Orc Fighter began the quest for the Orb.
     0 | D:1      | Reached XP level 1. HP: 19/19 MP: 1/1
     2 | D:1      | Found a faded altar of an unknown god.
   412 | D:1      | Reached XP level 2. HP: 27/27 MP: 2/2
   869 | D:2      | Identified the +9 dagger "Dirhutwi" {freeze, rN+ Dex+3
                  | SInv}
   898 | D:2      | Reached XP level 3. HP: 33/33 MP: 3/3
   919 | D:2      | Identified the +1 helmet of Virtue {Regen+}
   919 | D:2      | Noticed Robin
   929 | D:2      | Killed Robin
  1028 | D:2      | Reached XP level 4. HP: 40/40 MP: 4/4
  1232 | D:2      | Found Migiotwe's Assorted Antiques.
  1616 | D:3      | Found a transporter.
  1639 | D:3      | Found a transporter.
  1737 | D:3      | You fall into a shaft and drop 3 floors!
  1753 | D:6      | Reached XP level 5. HP: 47/47 MP: 5/5
  1769 | D:5      | Entered Level 5 of the Dungeon
  1775 | D:4      | Noticed an orc warrior
  1785 | D:4      | HP: 2/47 [acid (4)]
  1786 | D:4      | Splashed by a jelly's acid

Illustrated notes

Levels and vault maps discovered:
D:1:      dpeg_arrival_pond, layout_loops_cross, basic_ecumenical_altar
D:2:      layout_basic, serial_shops, nicolae_shop_behind_doors, hex_large,
          solitary_fountain, minmay_misc_feat_cross,
          chequers_serial_rivers_micro_e, uniq_robin
D:3:      gammafunk_wand_slinger, layout_loops_corners,
          nemelex_spade_bored_becter, minmay_fractal_squares_5
D:4:      layout_basic, nicolae_dithmenos_shadow_blocks,
          nicolae_ru_awakened_eye, ashenzari_conservatory_becter, serial_glass,
          glass_columns_b, glass_columns_c, grunt_ministairs_13
D:5:      layout_layer_cave, dancing_weapons_uskayaw, okawaru_trees_2,
          serial_shops, shop_fountains, nicolae_shop_advertising_works
          [nicolae_subvault_shop_adworks], shop
D:6:      layout_basic, nicolae_qazlal_general_emergency,
          minmay_temple_entry_gardened_gates, uniq_crazy_yiuf_cottage,
          uniq_edmund

Skill      XL: |  1  2  3  4 |
---------------+-------------+-----
Axes           | 3 4 |  4.9
Fighting       | 4 |  4.4
Armour         | 4 |  4.1
Shields        | 4 |  4.1

Action                   |  1- 3 |  4- 6 || total
-------------------------+-------+-------++-------
Melee: War axe           |    71 |    62 ||   133
  Use: Scroll            |     6 |     4 ||    10
       Potion            |     1 |     1 ||     2
Armor: Scale mail        |    39 |    32 ||    71
Dodge: Dodged            |    45 |    43 ||    88
Block: Buckler           |    12 |    20 ||    32
